 Dungeon Crawl Stone Soup version 0.18-a0-1730-g73f0523 (webtiles) character file.

544 dohliylev the Covert (level 7, -6/47 HPs)
             Began as a Vampire Enchanter on Apr 10, 2016.
             Was a Believer of Dithmenos.
             Killed from afar by CollectiveS's ghost (9 damage)
             ... with a rocky blast
             ... in a sewer.
             The game lasted 00:19:22 (3537 turns).

dohliylev the Covert (Vampire Enchanter)            Turns: 3537, Time: 00:19:23

Health: -6/47      AC:  4    Str:  7    XL:     7   Next: 6%
Magic:  2/11       EV: 14    Int: 17    God:    Dithmenos [**....]
Gold:   138        SH:  0    Dex: 17    Spells: 3 memorised, 5 levels left

rFire  . . .     SeeInvis +     x - -2 dagger (curse)
rCold  + + .     Gourm    .     b - +1 robe
rNeg   + + +     Faith    +     (no shield)
rPois  +         Spirit   .     (no helmet)
rElec  .         Dismiss  .     q - +0 cloak
rCorr  .         Reflect  .     (no gloves)
SustAt .         Harm     .     (no boots)
MR     .....                    v - amulet of faith
Stlth  ++++......               (no ring)
                                i - ring of stealth

@: about to teleport, regenerating slowly, wreathed by umbra, not resistant to
hostile enchantments, stealthy
A: fangs 3, see invisible, unbreathing
a: Bat Form, Shadow Step, Renounce Religion


You were in a sewer.
You worshipped Dithmenos.
Dithmenos was pleased with you.
You were near bloodless.

You visited 1 branch of the dungeon, and saw 4 of its levels.
You also visited: Sewer.

You collected 138 gold pieces.

Inventory:

Hand Weapons
 a - a +1 dagger
 g - a +2 mace of protection
 x - a cursed -2 dagger (weapon)
Missiles
 p - 4 tomahawks (quivered)
Armour
 b - a +1 robe (worn)
 q - a +0 cloak (worn)
Magical Staves
 u - an uncursed staff of summoning {unknown}
Jewellery
 i - a ring of stealth (left hand)
 s - an uncursed amulet of magic regeneration
 v - an amulet of faith (around neck)
Scrolls
 e - a scroll of amnesia
 j - a scroll of fog {unknown}
 k - a scroll of enchant weapon {unknown}
 m - 2 scrolls of recharging {unknown}
 r - a scroll of fear
 t - a scroll of magic mapping {unknown}
 w - a scroll of blinking {unknown}
Potions
 d - 23 potions of blood
 f - a potion of degeneration {unknown}
 l - 5 potions of curing {unknown}
 n - 2 potions of might {unknown}
 o - a potion of berserk rage {unknown}
Books
 c - a book of Maledictions

   Spells                             Type                      Level
   a - Corona                         Hexes                        1
   b - Ensorcelled Hibernation        Hexes/Ice                    2
   c - Confuse                        Hexes                        3
   d - Tukima's Dance                 Hexes                        3
   e - Dazzling Spray                 Conjuration/Hexes            3


   Skills:
 + Level 0.5 Fighting
 + Level 1.5 Short Blades
 + Level 3.4 Dodging
 * Level 9.8 Stealth
 + Level 2.8 Spellcasting
 + Level 5.7 Hexes
 + Level 1.6 Ice Magic


You had 5 spell levels left.
You knew the following spells:

 Your Spells              Type           Power        Failure   Level  Hunger
a - Corona                Hex            ###....      1%          1    #......
b - Ensorcelled Hibernat  Hex/Ice        ##....       10%         2    ##.....
c - Dazzling Spray        Conj/Hex       ##......     17%         3    ###....


Dungeon Overview and Level Annotations

Branches:
Dungeon (4/15)
 Temple: D:4-7

Altars:
Cheibriados
Dithmenos
Fedhas
Makhleb
Nemelex Xobeh
Pakellas
Qazlal
Trog
Yredelemnul
The Shining One

Annotations:
D:3 Satanail's ghost, amateur HaFi Sewer CollectiveS's ghost, amateur GrEE


Innate Abilities, Weirdness & Mutations

You heal slowly.
You have razor-sharp teeth.
You have supernaturally acute eyesight.
You can survive without breathing.


Message History

CollectiveS's ghost hits you but does no damage.
The big kobold misses you.
You miss the big kobold.
CollectiveS's ghost gestures at you while chanting.
The rocky blast misses you. The big kobold misses you.
Your unstable footing causes you to fumble your attack.
CollectiveS's ghost hits you.
* * * LOW HITPOINT WARNING * * *
The big kobold hits you with a dagger.
* * * LOW HITPOINT WARNING * * *
Read which item? (? for menu, Esc to quit)
As you read the scroll of teleportation, it crumbles to dust.
You feel strangely unstable.
CollectiveS's ghost gestures at you while chanting.
The rocky blast hits you!
* * * LOW HITPOINT WARNING * * *
The big kobold hits you but does no damage.
CollectiveS's ghost casts a spell at you.
The rocky blast hits you!
You die...

#≈≈.. #≈..≈ #....
##≈≈.. ≈≈#####
##.≈≈.≈
.≈≈≈≈####.W≈.##
#≈...≈≈.≈###
####### #≈≈≈≈≈.≈.#
#.≈@WK###.≈..≈≈≈##
#
#####..≈≈≈#######
.. #.K≈≈≈##### ≈.
####### .


You could see a big kobold and CollectiveS's ghost.

Vanquished Creatures
  An ogre (D:3)
  2 big kobolds (Sewer)
  2 giant frogs (D:3)
  A gnoll (D:1)
  8 adders
  A river rat (Sewer)
  An ooze (Sewer)
  4 worms
  2 dart slugs (D:2)
  A giant gecko (D:1)
  4 orcs (D:3)
  2 ball pythons
  5 bats
  3 giant cockroaches
  13 goblins
  4 hobgoblins
  4 jackals (D:3)
  12 kobolds
  A quokka (D:2)
  A giant gecko skeleton (D:4)
  7 giant newts
  15 rats
94 creatures vanquished.

Notes
Turn   | Place    | Note
--------------------------------------------------------------
     0 | D:1      | dohliylev the Vampire Enchanter began the quest for the Orb.
     0 | D:1      | Reached XP level 1. HP: 13/13 MP: 3/3
   268 | D:1      | Reached XP level 2. HP: 3/19 MP: 5/5
   790 | D:1      | Reached XP level 3. HP: 25/25 MP: 6/6
   793 | D:1      | Reached skill level 5 in Stealth
   904 | D:1      | Learned a level 2 spell: Ensorcelled Hibernation
  1302 | D:2      | Found a blossoming altar of Fedhas.
  1409 | D:2      | Learned a level 3 spell: Dazzling Spray
  1432 | D:2      | Found a bloodstained altar of Trog.
  1432 | D:2      | Found an oddly glowing altar of Pakellas.
  1692 | D:2      | Found a shadowy altar of Dithmenos.
  1693 | D:2      | Found a stormy altar of Qazlal.
  1693 | D:2      | Found a sparkling altar of Nemelex Xobeh.
  1695 | D:2      | Found a snail-covered altar of Cheibriados.
  1695 | D:2      | Found a glowing golden altar of the Shining One.
  1696 | D:2      | Found a burning altar of Makhleb.
  1698 | D:2      | Became a worshipper of Dithmenos the Shadowed
  1739 | D:2      | Found a basalt altar of Yredelemnul.
  1751 | D:2      | Reached skill level 6 in Stealth
  1880 | D:2      | Reached XP level 4. HP: 31/31 MP: 7/7
  2048 | D:3      | Noticed Satanail's ghost (amateur HaFi)
  2071 | D:3      | Reached skill level 5 in Hexes
  2285 | D:3      | Noticed a giant frog
  2290 | D:3      | Killed a giant frog
  2290 | D:3      | Reached skill level 7 in Stealth
  2290 | D:3      | Reached XP level 5. HP: 36/36 MP: 8/8
  2352 | D:3      | Reached * piety under Dithmenos
  2400 | D:3      | Reached skill level 1 in Ice Magic
  2575 | D:3      | Reached skill level 8 in Stealth
  2943 | D:3      | Reached XP level 6. HP: 42/42 MP: 9/9
  3152 | D:4      | Reached skill level 9 in Stealth
  3180 | D:4      | Found a glowing drain.
  3200 | Sewer    | Entered a sewer
  3200 | Sewer    | Noticed CollectiveS's ghost (amateur GrEE)
  3234 | Sewer    | Reached ** piety under Dithmenos
  3526 | Sewer    | Reached XP level 7. HP: 33/47 MP: 1/11
  3537 | Sewer    | Killed from afar by CollectiveS's ghost

Vault maps used:
D:1:      roderic_crossed_star, minmay_unequal
D:2:      lemuel_crystal_altar, grunt_temple_overflow_open,
          yredelemnul_altar_generic, first_bread
D:3:      kennysheep_generic_room_3
D:4:      overflow_temple_1_default, vehumet_altar_wand_db,
          portal_sewer_entry_e, hangedman_decor_opposing, uniq_robin,
          uniq_grinder
Sewer:    sewer_co_tree

Skill      XL: |  1  2  3  4  5  6 |
---------------+-------------------+-----
Stealth        | 6 7 8 9 |  9.8
Hexes          | 5 |  5.7
Dodging        | 3 |  3.4
Ice Magic      | 1 |  1.6
Fighting       | |  0.5
Short Blades   | |  1.5
Spellcasting   | |  2.8

Action                   |  1- 3 |  4- 6 |  7- 9 || total
-------------------------+-------+-------+-------++-------
Melee: Dagger            |   110 |    96 |     9 ||   215
 Cast: Corona            |     2 |       |       ||     2
       Ensorcelled Hiber |    11 |    38 |       ||    49
       Dazzling Spray    |       |     2 |       ||     2
 Abil: End Transformatio |       |     2 |       ||     2
       Bat Form          |       |     2 |       ||     2
  Use: Scroll            |       |     3 |     1 ||     4
 Stab: Sleeping          |    27 |    43 |       ||    70
  Eat: Corpse            |    10 |       |       ||    10
